 Dungeon Crawl Stone Soup version 0.23-a0-473-gc8aadda (webtiles) character file.

3269 theanonym the Archer (level 9, -2/73 HPs)
             Began as a Mummy Warper on Nov 28, 2018.
             Was a Follower of Okawaru.
             Slain by a two-headed ogre
             ... wielding a +0 giant club
              (21 damage)
             ... on level 8 of the Dungeon.
             The game lasted 00:09:49 (7989 turns).

theanonym the Archer (Mummy Warper)                 Turns: 7989, Time: 00:09:51

Health: -2/73      AC: 12    Str: 18    XL:     9   Next: 68%
Magic:  22/22      EV:  7    Int: 20    God:    Okawaru [*.....]
Gold:   354        SH:  0    Dex: 11    Spells: 13/13 levels left

rFire    x . .     SeeInvis .   b - +8 hand axe of Reluush {freeze, MP+9 Int+8 Stlth-}
rCold    + . .     Gourm    .   (no shield)
rNeg     + + +     Faith    .   j - +0 chain mail
rPois    ∞         Spirit   .   m - +0 helmet
rElec    .         Reflect  .   p - +0 cloak
rCorr    .         Harm     .   (no gloves)
MR       +....                  d - +1 pair of boots
Stlth    ..........             c - amulet of the acrobat
HPRegen  0.22/turn              (no ring)
MPRegen  0.18/turn              (no ring)

@: no status effects
A: no food or potions, fire vulnerability, cold resistance 1, negative energy
resistance 3, torment resistance, unbreathing
a: Heroism, Renounce Religion


Innate Abilities, Weirdness & Mutations

You do not eat or drink.
Your flesh is vulnerable to fire.
You are immune to poison.
Your flesh is cold resistant. (rC+)
You are immune to negative energy. (rN+++)
You are immune to unholy pain and torment.
You can survive without breathing.


   Skills:
 + Level 7.7 Fighting
 - Level 3.2 Short Blades
 * Level 8.9 Bows
 - Level 0.7 Throwing
 - Level 0.7 Armour
 - Level 1.5 Dodging
 - Level 2.6 Spellcasting
   Level 2.4 Translocations
 - Level 2.0 Invocations


You had 13 spell levels left.
You didn't know any spells.
Your spell library contained the following spells:

 Spells                   Type           Power        Failure   Level  Hunger
 Blink                    Tloc           N/A          77%         2    N/A
 Shroud of Golubria       Chrm/Tloc      #.........   90%         2    N/A
 Animate Skeleton         Necr           N/A          91%         1    N/A
 Freeze                   Ice            #...         91%         1    N/A
 Pain                     Necr           #...         91%         1    N/A
 Gell's Gravitas          Tloc           ##........   94%         3    N/A
 Lesser Beckoning         Tloc           ##........   94%         3    N/A
 Teleport Other           Tloc           ##......     94%         3    N/A
 Throw Frost              Conj/Ice       #.....       97%         2    N/A
 Ozocubu's Armour         Chrm/Ice       #.......     100%        3    N/A
 Vampiric Draining        Necr           #.........   100%        3    N/A
 Animate Dead             Necr           N/A          100%        4    N/A
 Passage of Golubria      Tloc           N/A          100%        4    N/A
 Summon Ice Beast         Ice/Summ       #.......     100%        4    N/A
 Throw Icicle             Conj/Ice       #.......     100%        4    N/A
 Regeneration             Chrm/Necr      Unusable     N/A         3    N/A

Skill      XL: |  1  2  3  4  5  6  7  8  9 |
---------------+----------------------------+-----
Short Blades   | 2 3 |  3.2
Fighting       | 3 5 6 7 |  7.7
Bows           | 1 4 7 8 |  8.9
Invocations    | 2 |  2.0
Throwing       | |  0.7
Armour         | |  0.7
Dodging        | |  1.5
Spellcasting   | |  2.6
Translocations | |  2.4

Action                   |  1- 3 |  4- 6 |  7- 9 || total
-------------------------+-------+-------+-------++-------
Melee: Short sword       |   185 |    82 |       ||   267
       Hand axe          |       |    65 |   282 ||   347
 Fire: Shortbow          |       |       |    18 ||    18
Evoke: Wand              |       |       |     6 ||     6
  Use: Scroll            |     3 |     4 |     5 ||    12
Armor: Leather armour    |    22 |       |       ||    22
       Ring mail         |    19 |       |       ||    19
       Chain mail        |    76 |    69 |   161 ||   306
Dodge: Dodged            |    92 |    67 |   144 ||   303

Inventory:

Hand Weapons
 a - a +2 shortbow of velocity
   (You took it off a centaur on level 5 of the Dungeon)
 b - the +8 hand axe of Reluush (weapon) {freeze, MP+9 Int+8 Stlth-}
   (You found it on level 4 of the Dungeon)

   It has been specially enchanted to freeze those struck by it, causing extra
   injury to most foes and up to half again as much damage against particularly
   susceptible opponents.
   It can also slow down cold-blooded creatures.
   It affects your intelligence (+8).
   It affects your magic capacity (+9).
   It makes you less stealthy.
 k - a +0 short sword
Missiles
 g - 109 arrows
 v - 5 tomahawks
 w - 5 tomahawks of dispersal (quivered)
Armour
 d - a +1 pair of boots (worn)
   (You found it on level 1 of the Dungeon)
 j - a +0 chain mail (worn)
   (You found it on level 2 of the Dungeon)
 m - a +0 helmet (worn)
   (You found it on level 6 of the Dungeon)
 p - a +0 cloak (worn)
   (You took it off Crazy Yiuf on level 6 of the Dungeon)
Magical Staves
 s - an uncursed staff of power {unknown}
   (You found it on level 7 of the Dungeon)
Jewellery
 c - an amulet of the acrobat (around neck)
   (You found it on level 1 of the Dungeon)
Wands
 l - a wand of flame (13)
   (You took it off an orc wizard on level 5 of the Dungeon)
 q - a wand of paralysis (3)
   (You found it on level 7 of the Dungeon)
Scrolls
 f - a scroll of fear
 h - 2 scrolls of immolation
 n - 3 scrolls of remove curse
 t - 2 scrolls of teleportation {!r}
 u - a scroll of enchant weapon
 B - a scroll of blinking


You were on level 8 of the Dungeon.
You worshipped Okawaru.
Okawaru was aware of your devotion.
You were not hungry.

You visited 2 branches of the dungeon, and saw 9 of its levels.

You collected 354 gold pieces.

Dungeon Overview and Level Annotations

Branches:
Dungeon (8/15)             Temple (1/1) D:6
   Lair: D:8-11

Altars:
Ashenzari
Cheibriados
Dithmenos
Elyvilon
Fedhas
Gozag
Hepliaklqana
Kikubaaqudgha
Makhleb
Nemelex Xobeh
Okawaru
Qazlal
Ru
Sif Muna
Trog
Uskayaw
Vehumet
Wu Jian
Xom
Yredelemnul
Zin
The Shining One

Annotations:
D:4 2 transporters, Garbasso's ghost, amateur CeHu

............##########
####.%.....# #.......#
#.###.#.# #[# #.#.#
#.# #.#.# #.# #.#.#
#.###.#.# #@....#
#O....... .........
##........ #.......#
........# #........
........#


You could see a two-headed ogre.

Notes
Turn   | Place    | Note
-------+----------+-------------------------------------------
     0 | D:1      | theanonym the Mummy Warper began the quest for the Orb.
     0 | D:1      | Reached XP level 1. HP: 16/16 MP: 4/4
    84 | D:1      | HP: 8/16 [jackal (3)]
    97 | D:1      | HP: 7/16 [jackal (1)]
   207 | D:1      | Reached XP level 2. HP: 17/23 MP: 5/5
   212 | D:1      | Reached skill level 2 in Short Blades
   584 | D:1      | Reached XP level 3. HP: 27/28 MP: 7/7
   878 | D:2      | HP: 14/28 [adder (1)]
   882 | D:2      | Reached skill level 3 in Fighting
   883 | D:2      | HP: 14/29 [kobold/+0 whip (1)]
   897 | D:2      | HP: 8/29 [worm (5)]
  1397 | D:2      | Found a burning altar of Makhleb.
  1413 | D:2      | Reached XP level 4. HP: 30/35 MP: 8/8
  1593 | D:2      | Reached skill level 3 in Short Blades
  2149 | D:3      | You fall through a shaft for 3 floors!
  2245 | D:5      | Entered Level 5 of the Dungeon
  2300 | D:4      | Reached XP level 5. HP: 33/42 MP: 9/9
  2361 | D:4      | Got a polished hand axe
  2362 | D:4      | Identified the +8 hand axe of Reluush {freeze, MP+9 Int+8
                  | Stlth-} (You found it on level 4 of the Dungeon)
  2396 | D:4      | Found a transporter.
  2444 | D:3      | Reached skill level 4 in Fighting
  3488 | D:4      | Found a transporter.
  3489 | D:4      | Noticed Garbasso's ghost (amateur CeHu)
  3490 | D:4      | Noticed a phantom
  3503 | D:4      | Killed a phantom
  3503 | D:4      | Reached skill level 5 in Fighting
  3515 | D:4      | Found an opulent altar of Gozag.
  3552 | D:4      | Reached XP level 6. HP: 46/51 MP: 10/10
  3634 | D:4      | Reached skill level 6 in Fighting
  3646 | D:4      | Found a shattered altar of Ashenzari.
  3646 | D:4      | Found a hide-covered altar of Uskayaw.
  4144 | D:5      | Reached skill level 1 in Bows
  4164 | D:5      | Reached XP level 7. HP: 59/59 MP: 11/11
  4326 | D:5      | Reached skill level 2 in Bows
  4337 | D:5      | Noticed Prince Ribbit
  4366 | D:5      | Killed Prince Ribbit
  4366 | D:5      | Reached skill level 3 in Bows
  4509 | D:5      | Found a stormy altar of Qazlal.
  4579 | D:5      | Reached skill level 4 in Bows
  4649 | D:5      | Noticed Sigmund
  4657 | D:5      | Killed Sigmund
  4657 | D:5      | Reached XP level 8. HP: 57/65 MP: 12/12
  4780 | D:5      | Reached skill level 5 in Bows
  5110 | D:6      | Reached skill level 6 in Bows
  5307 | D:6      | Noticed Grinder
  5318 | D:6      | Paralysed by Grinder for 4 turns
  5326 | D:6      | Killed Grinder
  5326 | D:6      | Reached skill level 7 in Bows
  5426 | D:6      | Found a staircase to the Ecumenical Temple.
  5435 | Temple   | Entered the Ecumenical Temple
  5503 | Temple   | Became a worshipper of Warmaster Okawaru
  5662 | D:6      | Reached XP level 9. HP: 71/71 MP: 13/13
  5673 | D:6      | Found a runed door.
  5914 | D:6      | Noticed Crazy Yiuf
  5921 | D:6      | Killed Crazy Yiuf
  5921 | D:6      | Reached skill level 1 in Invocations
  6069 | D:7      | HP: 24/71 [orc wizard/puff of flame (13)]
  6078 | D:7      | HP: 24/71 [adder (1)]
  6355 | D:7      | Reached * piety under Okawaru
  6481 | D:7      | Reached skill level 7 in Fighting
  6481 | D:7      | Reached skill level 8 in Bows
  6481 | D:7      | Reached skill level 2 in Invocations
  6484 | D:7      | HP: 36/72 [wyvern skeleton (10)]
  6790 | D:7      | Found a shadowy altar of Dithmenos.
  6980 | D:7      | HP: 32/72 [orc warrior/+0 hand axe (7)]
  6991 | D:7      | HP: 16/72 [orc warrior/+0 hand axe (3)]
  6996 | D:7      | HP: 7/72 [something (2)]
  7423 | D:8      | HP: 34/72 [orc warrior/+0 trident (10)]
  7428 | D:8      | HP: 23/72 [orc warrior/+0 trident (12)]
  7429 | D:8      | HP: 5/72 [orc warrior/+0 trident (18)]
  7895 | D:8      | Found a bloodstained altar of Trog.
  7975 | D:8      | Noticed a two-headed ogre
  7988 | D:8      | HP: 36/73 [two-headed ogre/+0 giant club (9)]
  7989 | D:8      | Slain by a two-headed ogre

Vanquished Creatures
  Prince Ribbit (D:5)
  Grinder (D:6)
  A hippogriff (D:7)
  Sigmund (D:5)
  A water moccasin (D:7)
  2 orc warriors
  2 sky beasts
  2 phantoms
  2 ice beasts
  A necrophage (D:8)
  A centaur (D:5)
  A bullfrog (D:8)
  A wyvern skeleton (D:7)
  3 scorpions
  A howler monkey (D:6)
  A bullfrog zombie (D:8)
  4 hounds
  4 jellies
  Crazy Yiuf (D:6)
  6 orc priests
  2 bullfrog skeletons
  5 iguanas
  11 orc wizards
  2 worker ants
  A hound zombie (D:6)
  A worker ant zombie (D:6)
  A gnoll (D:4)
  A howler monkey skeleton (D:5)
  10 adders
  A shadow imp (D:5)
  2 oozes
  An adder skeleton (D:5)
  An adder zombie (D:6)
  A worm (D:2)
  2 dart slugs
  5 leopard geckos
  23 orcs
  4 bats
  6 giant cockroaches
  6 hobgoblins
  12 jackals
  8 kobolds
  4 quokkas
  4 frilled lizards
  4 goblins
  A jackal zombie (D:7)
  6 rats
162 creatures vanquished.

Table legend:
 A = Turns spent in this place as a percentage of turns spent in the entire game.
 B = Non-inter-level travel turns spent in this place as a percentage of non-inter-level travel turns spent in the entire game.
 C = Inter-level travel turns spent in this place as a percentage of turns spent in this place.
 D = Turns resting spent in this place as a percentage of non-inter-level travel turns spent in this place.
 E = Turns spent auto-exploring this place as a percentage of non-inter-level travel turns spent in this place.
 F = Non-inter-level travel turns spent in this place divided by the number of levels of this place that you've seen.
                   A       B       C       D       E      F
               +-------+-------+-------+-------+-------+----------------------
         Total | 100.0 | 100.0 |   5.7 |  26.8 |  56.7 | 837.3
       Dungeon |  98.2 |  98.6 |   5.3 |  27.2 |  56.1 | 929.1
        Temple |   1.8 |   1.4 |  27.0 |   0.0 |  98.1 | 103.0
               +-------+-------+-------+-------+-------+----------------------
